 Dungeon Crawl Stone Soup version 0.20.1-1-g8b1a95d (webtiles) character file.

1292 jmlagarto the Cutter (level 8, -1/54 HPs)
             Began as a Halfling Chaos Knight on Sept 19, 2017.
             Splashed by a jelly's acid (3 damage)
             ... on level 6 of the Dungeon.
             The game lasted 00:15:45 (5632 turns).

jmlagarto the Cutter (Halfling Chaos Knight)        Turns: 5632, Time: 00:15:45

Health: -1/54      AC: -2    Str: 13      XL:     8   Next: 86%
Magic:  8/8        EV: 16    Int:  8 (10) God:    Xom [...*..]
Gold:   404        SH:  0    Dex: 16      Spells: 7/7 levels left

rFire    . . .     SeeInvis .   E - +2 dagger (vamp)
rCold    . . .     Gourm    .   (shield restricted)
rNeg     + . .     Faith    .   b - +2 leather armour
rPois    .         Spirit   .   (no helmet)
rElec    .         Reflect  .   (no cloak)
rCorr    .         Harm     .   (no gloves)
MR       .....                  (no boots)
Stlth    ++++......             (no amulet)
Regen    0.2/turn               e - ring of positive energy
MPRegen  0.2/turn               z - ring of stealth

@: corroded
A: mutation resistance 1
a: Renounce Religion


You were on level 6 of the Dungeon.
You worshipped Xom.
You were a favourite toy of Xom.
You were not hungry.

You visited 1 branch of the dungeon, and saw 6 of its levels.

You collected 404 gold pieces.

Inventory:

Hand Weapons
 a - a +0 short sword of chaos
 f - a +0 dagger of speed
 s - a +0 dagger of venom
 t - a +3 dire flail of protection
 E - a +2 vampiric dagger (weapon)
Armour
 b - a +2 leather armour (worn)
Jewellery
 e - a ring of positive energy (left hand)
 y - an uncursed ring of fire
 z - a ring of stealth (right hand)
Wands
 B - a wand of lightning (7/15)
Scrolls
 j - 4 scrolls of teleportation {unknown}
 k - 3 scrolls of remove curse
 l - a scroll of recharging {unknown}
 p - 2 scrolls of amnesia {unknown}
 r - a scroll of blinking {unknown}
 u - a scroll of fear {unknown}
 C - a scroll of magic mapping {unknown}
 D - 2 scrolls of noise {unknown}
 F - 3 scrolls of summoning {unknown}
Potions
 g - a potion of haste
 h - a potion of berserk rage
 i - a potion of cancellation
 m - a potion of mutation
 n - a potion of magic
 o - 3 potions of resistance
 v - a potion of brilliance
 w - a potion of curing
 A - 2 potions of lignification
Comestibles
 c - 3 bread rations
 d - a meat ration
 q - a royal jelly


   Skills:
 + Level 4.8 Fighting
 + Level 7.7 Short Blades
 + Level 4.3 Armour
 + Level 3.9 Dodging
 + Level 5.8 Stealth
 + Level 0.2 Evocations


You had 7 spell levels left.
You didn't know any spells.

Dungeon Overview and Level Annotations

Branches:
Dungeon (6/15)             Temple (0/1) D:5

Altars:
Ashenzari
Dithmenos
Qazlal
Trog
Xom
Yredelemnul


Innate Abilities, Weirdness & Mutations

You are small and have problems with some larger weapons.
You are somewhat resistant to further mutation.


Message History

A jelly comes into view.
You are too injured to fight recklessly!
You are too injured to fight recklessly!
The jelly quivers.
The jelly hits you.
You are splashed with acid!
The acid burns!
* * * LOW HITPOINT WARNING * * *
You hit the jelly. The acid corrodes you!
Your hands burn!
* * * LOW HITPOINT WARNING * * *
The jelly is lightly wounded.
You hit the jelly but do no damage.
Your hands burn!
* * * LOW HITPOINT WARNING * * *
The jelly is lightly wounded.
The jelly closely misses you.
You hit the jelly but do no damage. The acid corrodes you!
Your hands burn!
* * * LOW HITPOINT WARNING * * *
The jelly is lightly wounded.
The jelly misses you.
You hit the jelly but do no damage.
Your hands burn!
You die...
Xom cackles wildly!

#.#.######### #.# #.# ####..#.##
#.# #.# .......#.# #########.#
#.#
##......#######..(......#######.#
##.....###......<...............#
.........#.####.####.############
#######'.#.####.# #.#
.......#.#......####.#
'####'.#W...###J@....#
#....#.#....# #.####.#
#)##.#.#..l.# #.# #.#
#.##.#.#..<.###.# #.#
#....#.#........####.#
+####'.#.............#
.......#..#.##########
#######'....# ..........###


You could see a jelly.

Vanquished Creatures
  The ghost of Gagarin the Black Sun, an amateur HONe of Kikubaaqudgha (D:6)
  Edmund (D:6)
  A phantom (D:6)
  2 ogres
  A bullfrog (D:6)
  A howler monkey (D:6)
  A crimson imp (D:3)
  2 jellies (D:5)
  2 orc wizards (D:3)
  3 orc priests
  A bullfrog skeleton (D:3)
  7 worker ants
  A hound skeleton (D:5)
  6 adders
  3 oozes
  An adder skeleton (D:5)
  5 worms
  2 dart slugs
  6 leopard geckos
  10 orcs
  2 giant cockroaches (D:2)
  6 hobgoblins
  5 jackals
  5 kobolds
  A quokka (shapeshifter) (D:3)
  8 quokkas
  2 ball pythons
  9 bats
  3 frilled lizards
  5 goblins
  2 jackal skeletons
  A jackal zombie (D:5)
  10 rats
116 creatures vanquished.

Vanquished Creatures (others)
  An ooze (D:1)
1 creature vanquished.

Grand Total: 117 creatures vanquished

Notes
Turn   | Place    | Note
-------+----------+-------------------------------------------
     0 | D:1      | jmlagarto the Halfling Chaos Knight began the quest for the Orb.
     0 | D:1      | Reached XP level 1. HP: 15/15 MP: 1/1
    63 | D:1      | Reached XP level 2. HP: 15/21 MP: 2/2
   202 | D:1      | XOM: harmless Chrm miscast
   212 | D:1      | Reached skill level 4 in Short Blades
   262 | D:1      | Reached XP level 3. HP: 26/26 MP: 3/3
   497 | D:1      | XOM: harmless Ice miscast
   593 | D:1      | XOM: god gift: 41 gold pieces
  1055 | D:2      | Found a bloodstained altar of Trog.
  1196 | D:2      | Reached XP level 4. HP: 20/31 MP: 4/4
  1283 | D:2      | XOM: harmless Tloc miscast
  1385 | D:2      | Found a faded altar of an unknown god.
  1834 | D:3      | XOM: noise
  1842 | D:3      | Reached skill level 5 in Short Blades
  1845 | D:3      | Reached XP level 5. HP: 36/36 MP: 5/5
  2254 | D:3      | Found a shadowy altar of Dithmenos.
  2396 | D:3      | Reached skill level 1 in Stealth
  2430 | D:3      | XOM: confuse monster(s)
  2434 | D:3      | Reached XP level 6. HP: 21/42 MP: 6/6
  2449 | D:3      | Reached skill level 6 in Short Blades
  2916 | D:4      | XOM: noise
  3217 | D:4      | XOM: cloud trail
  3218 | D:4      | Found a shattered altar of Ashenzari.
  3243 | D:4      | XOM: noise
  3412 | D:4      | Reached XP level 7. HP: 36/47 MP: 7/7
  3673 | D:4      | XOM: noise
  3774 | D:5      | XOM: stealth player
  3774 | D:5      | Entered Level 5 of the Dungeon
  3788 | D:5      | XOM: mild Necr miscast
  3986 | D:5      | Found a stormy altar of Qazlal.
  4069 | D:5      | XOM: god gift: royal jelly
  4147 | D:5      | XOM: 3-stop teleportation journey
  4177 | D:5      | Found a shimmering altar of Xom.
  4209 | D:5      | Found a basalt altar of Yredelemnul.
  4591 | D:5      | Found a staircase to the Ecumenical Temple.
  4761 | D:6      | Reached XP level 8. HP: 36/53 MP: 8/8
  4978 | D:6      | Noticed Gagarin's ghost (amateur HONe)
  4979 | D:6      | XOM: swap monsters
  4997 | D:6      | Killed Gagarin's ghost
  4997 | D:6      | Reached skill level 7 in Short Blades
  4997 | D:6      | Reached skill level 5 in Stealth
  5111 | D:6      | XOM: summons 5 friendly demons
  5144 | D:6      | Noticed Edmund
  5184 | D:6      | Killed Edmund
  5408 | D:6      | XOM: cast spell 'Summon Ice Beast'
  5409 | D:6      | XOM: 1-stop teleportation journey
  5631 | D:6      | HP: 2/54 [acid (5)]
  5632 | D:6      | Splashed by a jelly's acid

Skill      XL: |  1  2  3  4  5  6  7  8 |
---------------+-------------------------+-----
Fighting       | 3 4 |  4.8
Short Blades   | 4 5 6 7 |  7.7
Armour         | 3 4 |  4.3
Dodging        | 2 3 |  3.9
Stealth        | 1 2 4 5 |  5.8
Evocations     | |  0.2

Action                   |  1- 3 |  4- 6 |  7- 9 || total
-------------------------+-------+-------+-------++-------
Melee: Short sword       |   110 |   120 |       ||   230
       Dagger            |       |   115 |   230 ||   345
Evoke: Wand              |       |       |     1 ||     1
  Use: Scroll            |     2 |       |     8 ||    10
       Potion            |       |     1 |     4 ||     5
 Stab: Sleeping          |     1 |     3 |     7 ||    11
       Paralysed         |       |     1 |       ||     1
       Confused          |       |     1 |     2 ||     3
  Eat: Royal jelly       |     1 |     1 |     3 ||     5
       Meat ration       |       |     1 |       ||     1
       Bread ration      |       |       |     2 ||     2
Armor: Chain mail        |    23 |       |       ||    23
       Leather armour    |    25 |    34 |    26 ||    85
Dodge: Dodged            |    63 |   135 |    95 ||   293
